 Dungeon Crawl Stone Soup version 0.18.1-48-g4cf74bf (webtiles) character file.

95 Inkary the Insei (level 4, -7/37 HPs)
             Began as a Draconian Transmuter on Aug 31, 2016.
             Mangled by a gnoll
             ... wielding a +0 spear
              (9 damage)
             ... on level 2 of the Dungeon.
             The game lasted 00:02:53 (1837 turns).

Inkary the Insei (Draconian Transmuter)             Turns: 1837, Time: 00:02:54

Health: -7/37      AC:  5    Str: 12    XL:     4   Next: 39%
Magic:  6/7        EV: 12    Int: 14    God:
Gold:   104        SH:  0    Dex: 12    Spells: 1 memorised, 7 levels left

rFire  . . .     SeeInvis .       - Unarmed
rCold  . . .     Gourm    .     (armour unavailable)
rNeg   . . .     Faith    .     (no shield)
rPois  .         Spirit   .     (helmet restricted)
rElec  .         Dismiss  .     (no cloak)
rCorr  .         Reflect  .     (no gloves)
SustAt .         Harm     .     (boots currently unavailable)
MR     .....                    (no amulet)
Stlth  +.........               (no ring)
                                (no ring)

@: appendage (expiring), very slightly contaminated, not resistant to hostile
enchantments, very unstealthy
A: unfitting armour, talons 3, cold-blooded, AC +5
a: End Transformation


You were on level 2 of the Dungeon.
You were not hungry.
You had grown temporary talons.
You visited 1 branch of the dungeon, and saw 2 of its levels.

You collected 104 gold pieces.

Inventory:

Missiles
 a - 38 arrows
Jewellery
 o - a cursed amulet of inaccuracy {unknown}
Scrolls
 e - 2 scrolls of identify {unknown}
 f - a scroll of enchant armour {unknown}
 g - 2 scrolls of enchant weapon {unknown}
 h - a scroll of fear {unknown}
 j - a scroll of remove curse {unknown}
 p - a scroll of recharging {unknown}
 r - a scroll of amnesia {unknown}
Potions
 i - a potion of brilliance {unknown}
 l - a potion of heal wounds {unknown}
 m - a potion of might {unknown}
 n - 2 potions of flight {unknown}
 q - a potion of degeneration {unknown}
 s - a potion of lignification {unknown}
Books
 b - a book of Changes

   Spells                             Type                      Level
   a - Beastly Appendage              Transmutation                1
   b - Sticks to Snakes               Transmutation                2
   c - Spider Form                    Transmutation/Poison         3
   d - Ice Form                       Ice/Transmutation            4
   e - Blade Hands                    Transmutation                5
Comestibles
 c - a bread ration
 d - 3 fruits
 k - 6 chunks of flesh


   Skills:
 + Level 2.3 Fighting
 + Level 2.2 Dodging
 + Level 3.6 Unarmed Combat
 + Level 2.5 Spellcasting
 + Level 2.8 Transmutations


You had 7 spell levels left.
You knew the following spells:

 Your Spells              Type           Power        Failure   Level  Hunger
a - Beastly Appendage     Trmt           #.....       10%         1    #......


Dungeon Overview and Level Annotations

Branches:
Dungeon (2/15)

Altars:
Trog


Innate Abilities, Weirdness & Mutations

Your plain brown scales are hard (AC +5).
Your body does not fit into most forms of armour.
You are cold-blooded and may be slowed by cold attacks.
You have claws for feet.


Message History

Unknown command.
Casting: Beastly Appendage
Confirm with . or Enter, or press ? or * to list all spells.
Your feet morph into talons.
Your transformation is almost over.
The gnoll hits you from afar with a spear!
* * * LOW HITPOINT WARNING * * *
The gnoll misses you. The gnoll hits you but does no damage.
You hit the gnoll but do no damage.
The gnoll is severely wounded.
The gnoll hits you but does no damage.
You completely miss the gnoll.
The gnoll is severely wounded.
The gnoll barely misses you. The gnoll closely misses you.
The gnoll hits you but does no damage.
You hit the gnoll.
You kill the gnoll!
The gnoll hits you but does no damage. The gnoll hits you with a spear!
You die...

####..# #..# #..# #.<#
#..# #..###### #........
##########
#.############g........
####............@g........
)......###################
########


You could see 2 gnolls.

Vanquished Creatures
  2 gnolls
  An adder (D:2)
  An ooze (D:1)
  2 worms (D:2)
  2 dart slugs (D:1)
  2 giant geckos (D:1)
  A ball python (D:1)
  5 bats
  3 giant cockroaches
  9 goblins
  4 hobgoblins
  3 jackals (D:2)
  7 kobolds
  A giant newt (D:1)
  5 rats
48 creatures vanquished.

Notes
Turn   | Place    | Note
--------------------------------------------------------------
     0 | D:1      | Inkary the Draconian Transmuter began the quest for the Orb.
     0 | D:1      | Reached XP level 1. HP: 16/16 MP: 3/3
    67 | D:1      | Reached XP level 2. HP: 15/23 MP: 3/5
   356 | D:1      | Reached XP level 3. HP: 4/29 MP: 6/6
  1467 | D:2      | Reached XP level 4. HP: 28/36 MP: 7/7
  1613 | D:2      | Found a bloodstained altar of Trog.
  1833 | D:2      | HP: 1/36 [gnoll/spear (9)]
  1837 | D:2      | Mangled by a gnoll

Skill      XL: |  1  2  3 |
---------------+----------+-----
Dodging        | 2 |  2.2
Fighting       | 2 |  2.3
Unarmed Combat | |  3.6
Spellcasting   | |  2.5
Transmutations | |  2.8

Action                   |  1- 3 |  4- 6 || total
-------------------------+-------+-------++-------
Melee: Unarmed           |   170 |    43 ||   213
       Kick              |    21 |     2 ||    23
       Tailslap          |     9 |     9 ||    18
       Headbutt          |     4 |     2 ||     6
       Punch             |       |     1 ||     1
 Cast: Beastly Appendage |    21 |     5 ||    26
 Stab: Sleeping          |     1 |     1 ||     2
  Eat: Chunk             |     2 |     2 ||     4
Armor: Skin              |    55 |    18 ||    73
Dodge: Dodged            |   128 |    39 ||   167
